 Dungeon Crawl Stone Soup version 0.21-a0-434-g806c6c2 (webtiles) character file.

661 Laiders the Shield-Bearer (level 7, -1/52 HPs)
             Began as a Formicid Fighter on Nov 8, 2017.
             Was an Initiate of Okawaru.
             Slain by an orc warrior
             ... wielding a +2 hand axe of distortion
              (4 damage)
             ... on level 6 of the Dungeon.
             The game lasted 00:10:30 (5032 turns).

Laiders the Shield-Bearer (Formicid Fighter)        Turns: 5032, Time: 00:10:31

Health: -1/52      AC:  6    Str: 28    XL:     7   Next: 86%
Magic:  0/16       EV:  9    Int:  7    God:    Okawaru [......]
Gold:   234        SH: 12    Dex: 10    Spells: 6/6 levels left

rFire    . . .     SeeInvis +   a - +1 flail
rCold    . . .     Gourm    .   c - +1 shield
rNeg     . . .     Faith    .   b - +0 scale mail
rPois    .         Spirit   +   (helmet unavailable)
rElec    .         Reflect  .   (no cloak)
rCorr    .         Harm     .   (no gloves)
MR       .....                  (no boots)
Stlth    ..........             q - amulet of guardian spirit
HPRegen  0.17/turn              t - ring of magical power
MPRegen  0.15/turn              (no ring)

@: mighty
A: permanent stasis, dig shafts and tunnels, four strong arms, antennae 3
a: Dig, Shaft Self, Renounce Religion


You were on level 6 of the Dungeon.
You worshipped Okawaru.
Okawaru was noncommittal.
You were very hungry.

You visited 2 branches of the dungeon, and saw 7 of its levels.

You collected 234 gold pieces.

Inventory:

Hand Weapons
 a - a +1 flail (weapon)
Missiles
 j - a throwing net (quivered)
Armour
 b - a +0 scale mail (worn)
 c - a +1 shield (worn)
Jewellery
 q - an amulet of guardian spirit (around neck)
 t - a ring of magical power (left hand)
Wands
 r - a wand of enslavement (22/24)
Scrolls
 h - a scroll of identify
Potions
 d - a potion of might
 i - a potion of ambrosia
 n - 2 potions of resistance
 p - a potion of cancellation
 s - a potion of invisibility
 w - a potion of curing
Comestibles
 f - 2 bread rations
 g - 7 fruits
 k - 3 meat rations
 l - 2 royal jellies


   Skills:
 - Level 3.2 Fighting
 + Level 5.9 Maces & Flails
 - Level 3.2 Armour
 + Level 7.7 Shields


You had 6 spell levels left.
You didn't know any spells.

Dungeon Overview and Level Annotations

Branches:
Dungeon (5/15)             Temple (1/1) D:4

Altars:
Cheibriados
Dithmenos
Elyvilon
Fedhas
Gozag
Hepliaklqana
Kikubaaqudgha
Makhleb
Nemelex Xobeh
Okawaru
Qazlal
Ru
Sif Muna
Trog
Uskayaw
Vehumet
Wu Jian
Xom
Yredelemnul
Zin
The Shining One


Innate Abilities, Weirdness & Mutations

You cannot be hasted, slowed, berserked, paralysed or teleported.
You can dig through walls and to a lower floor.
Your four strong arms can wield two-handed weapons with a shield.
You have a pair of large antennae on your head. (SInv)


Message History

The orc warrior is heavily wounded.
The jackal bites you but does no damage. x2
You sock the orc!
You kill the orc!
Okawaru accepts your kill. You block the orc warrior's attack.
You block the jackal's attack.
The orc priest looks satisfied for a moment.
Okay, then.
You feel very mighty all of a sudden. You block the jackal's attack.
The orc warrior hits you with a hand axe of distortion!
Space warps horribly around you!
* * * LOW HITPOINT WARNING * * *
The jackal bites you.
* * * LOW HITPOINT WARNING * * *
You block the orc priest's attack.
You closely miss the orc warrior.
The orc warrior is heavily wounded.
The orc warrior hits you with a hand axe of distortion.
You die...

#....## ....
###.....####..#
....##
..?..........#
...... ..........##
..... ##..#......##
#... ##...##.......
#..###..#.##...(..
#......##.#ho.#
##....###..o@#
##..##{+..###
##..#.# #.$#######
##..##..##.†.>.....
##..## ...#.........
#..##{+.............
##..###...#.........
#...##..##....o....
#....#.###.........


You could see an orc warrior, an orc priest and a jackal.

Vanquished Creatures
  A sky beast (D:5)
  An ogre (D:4)
  2 scorpions
  A crimson imp (D:6)
  A hound (D:4)
  A bullfrog skeleton (D:3)
  2 iguanas
  2 worker ants (D:4)
  An orc wizard (D:4)
  A hound skeleton (D:4)
  A howler monkey skeleton (D:4)
  4 adders
  3 gnolls (D:4)
  2 worms
  A leopard gecko (D:3)
  8 orcs
  A ball python (D:1)
  A bat (D:3)
  2 giant cockroaches
  4 hobgoblins
  11 jackals
  2 quokkas
  6 frilled lizards
  4 goblins
  A jackal skeleton (D:2)
  11 kobolds
  A quokka skeleton (D:4)
  7 rats
83 creatures vanquished.

Notes
Turn   | Place    | Note
-------+----------+-------------------------------------------
     0 | D:1      | Laiders the Formicid Fighter began the quest for the Orb.
     0 | D:1      | Reached XP level 1. HP: 18/18 MP: 1/1
   486 | D:1      | Reached XP level 2. HP: 7/24 MP: 2/2
   495 | D:1      | Reached skill level 4 in Shields
   497 | D:1      | HP: 1/24 [hobgoblin/club (3)]
  1117 | D:2      | Reached XP level 3. HP: 17/29 MP: 3/3
  1239 | D:2      | Found a radiant altar of Vehumet.
  1741 | D:2      | Found a sparkling altar of Nemelex Xobeh.
  2235 | D:3      | Found a faded altar of an unknown god.
  2280 | D:3      | Reached XP level 4. HP: 23/35 MP: 4/4
  2295 | D:3      | Reached skill level 5 in Shields
  2336 | D:3      | Reached XP level 5. HP: 30/41 MP: 5/5
  3161 | D:3      | Found an ancient bone altar of Kikubaaqudgha.
  3402 | D:4      | Reached XP level 6. HP: 41/47 MP: 6/6
  3419 | D:4      | Reached skill level 6 in Shields
  3783 | D:4      | Noticed an ogre
  3795 | D:4      | Killed an ogre
  3795 | D:4      | Reached skill level 5 in Maces & Flails
  3795 | D:4      | Reached XP level 7. HP: 29/52 MP: 7/7
  4215 | D:4      | Reached skill level 7 in Shields
  4260 | D:4      | Found a staircase to the Ecumenical Temple.
  4270 | Temple   | Entered the Ecumenical Temple
  4296 | Temple   | Became a worshipper of Warmaster Okawaru
  4380 | D:5      | Entered Level 5 of the Dungeon
  4689 | D:5      | You fall through a shaft!
  5032 | D:6      | Slain by an orc warrior

Vault maps used:
D:1:      giann_forest_graveyard
D:2:      nicolae_overflow_crystal_walls, lemuel_crystal_altar, first_bread
D:3:      nicolae_overflow_hidden_temple, chequers_ecumenical_altar_simple
D:4:      minmay_temple_entry_butterflies, serial_glass, glass_columns_b,
          glass_columns_c, glass_columns_c, glass_columns_a, glass_columns_a,
          glass_columns_a, glass_columns_a, glass_columns_a,
          due_unseen_surprise, minmay_strange_pillars, item_on_display_a
D:5:      basic_altar, tgw_xom
D:6:      nicolae_ossuary_entry_giza, guppyfry_early_elven_hall
Temple:   nicolae_temple_no_exploring_needed

Skill      XL: |  1  2  3  4  5  6  7 |
---------------+----------------------+-----
Shields        | 4 5 6 7 |  7.7
Maces & Flails | 3 4 5 |  5.9
Fighting       | |  3.2
Armour         | |  3.2

Action                   |  1- 3 |  4- 6 |  7- 9 || total
-------------------------+-------+-------+-------++-------
Melee: Flail             |   123 |   129 |    86 ||   338
  Use: Scroll            |     6 |     7 |     5 ||    18
       Potion            |       |       |     1 ||     1
  Eat: Chunk             |     4 |     5 |     3 ||    12
Armor: Scale mail        |    50 |    23 |    26 ||    99
       Ring mail         |       |    22 |     9 ||    31
Dodge: Dodged            |    51 |    47 |    43 ||   141
Block: Shield            |    79 |    97 |    77 ||   253

Table legend:
 A = Spawn XP
 B = Non-spawn XP
 C = Spawn XP percentage of total XP
 D = Spawn monster count
 E = Non-spawn monster count
 F = Spawn count percentage of total count
 G = Total turns spent on level
                    A         B        C        D         E        F      G
               +---------+---------+-------+---------+---------+-------+---------
         Total |       0 |     945 |   0.0 |       0 |      83 |   0.0 |  5032
               +---------+---------+-------+---------+---------+-------+---------
           D:1 |       0 |      22 |   0.0 |       0 |      14 |   0.0 |  1102
           D:2 |       0 |      36 |   0.0 |       0 |      14 |   0.0 |   973
           D:3 |       0 |     203 |   0.0 |       0 |      25 |   0.0 |  1283
           D:4 |       0 |     430 |   0.0 |       0 |      20 |   0.0 |   985
           D:5 |       0 |     132 |   0.0 |       0 |       1 |   0.0 |   309
           D:6 |       0 |     122 |   0.0 |       0 |       9 |   0.0 |   343
               +---------+---------+-------+---------+---------+-------+---------
